 Dungeon Crawl Stone Soup version 0.30-a0-1066-g63dfefce0d (webtiles) character file.

Game seed: 17459531464015479088

114 Dirtsage the Chopper (level 4, 0/35 HPs)
             Began as a Demonspawn Monk on Apr 12, 2023.
             Slain by a bullfrog (4 damage)
             ... in a sewer.
             The game lasted 00:04:30 (2696 turns).

Dirtsage the Chopper (Demonspawn Monk)              Turns: 2696, Time: 00:04:30

Health: 0/35       AC:  5    Str: 13    XL:     4   Next: 67%
Magic:  0/4        EV: 12    Int: 11    God:
Gold:   150        SH:  0    Dex: 16    Spells: 3/3 levels left

rFire   . . .      SeeInvis .    a - +0 hand axe
rCold   . . .      Faith    .    d - orb {light}
rNeg    . . .      Spirit   +    v - +2 leather armour {Will+}
rPois   .          Reflect  .    (no helmet)
rElec   .          Rampage  .    (no cloak)
rCorr   .                        (no gloves)
Will    +....                    (no boots)
Stlth   +                        e - amulet of guardian spirit
HPRegen 0.25/turn                (no ring)
MPRegen 0.09/turn                (no ring)

@: glowing, very slow
A: hooves 2
a: no special abilities


You were in a sewer.
You visited 1 branch of the dungeon, and saw 3 of its levels.
You also visited: Sewer.

You collected 150 gold pieces.

Inventory:

Hand Weapons
 a - a +0 hand axe (weapon)
Armour
 b - a +0 robe
 d - an orb of light (worn)
 i - a +0 leather armour
 m - a scarf of invisibility
 q - a +0 ring mail
 r - a +0 scale mail
 u - a scarf of invisibility
 v - a +2 leather armour of willpower (worn)
Jewellery
 e - an amulet of guardian spirit (around neck)
Scrolls
 g - a scroll of immolation {unknown}
 j - 3 scrolls of identify {unknown}
 k - a scroll of noise {unknown}
 l - a scroll of fear {unknown}
Potions
 c - a potion of ambrosia
 f - a potion of brilliance {unknown}
 h - a potion of attraction {unknown}
 n - a potion of degeneration {unknown}
 o - a potion of curing {unknown}
 p - 2 potions of might {unknown}
 s - a potion of invisibility {unknown}
 t - a potion of mutation {unknown}


   Skills:
 - Level 3.0 Fighting
 * Level 4.7 Axes
 - Level 2.6 Dodging
 - Level 1.7 Stealth
 + Level 1.3 Evocations


You had 3 spell levels left.
You didn't know any spells.
Your spell library contained the following spells:

 Spells                   Type           Power      Damage    Failure   Level
 Ensorcelled Hibernation  Hex/Ice        0%         N/A       56%         2
 Static Discharge         Conj/Air       0%         2-2/arc   56%         2
 Spider Form              Tmut/Pois      0%         N/A       80%         3
 Stone Arrow              Conj/Erth      0%         3d7       80%         3
 Airstrike                Air            0%         2d(0-16)  99%         4
 Anguish                  Hex/Necr       0%         N/A       99%         4
 Animate Armour           Summ/Erth      0%         N/A       99%         4
 Summon Lightning Spire   Summ/Air       0%         N/A       99%         4
 Lehudib's Crystal Spear  Conj/Erth      0%         10d2      100%        8


Dungeon Overview and Level Annotations

Branches:
Dungeon (3/15)              Sewer (1/1)

Altars:


Innate Abilities, Weirdness & Mutations

You have hoof-like feet.


Message History

The bullfrog barely misses you.
Sorry, you're not good enough to have a special ability.
Okay, then.
You hit the bullfrog but do no damage.
The bullfrog is lightly wounded.
You closely miss the bullfrog.
The bullfrog hits you but does no damage.
The bullfrog hits you. The bullfrog closely misses you.
The bullfrog swells and bulges.
The bullfrog barely misses you.
You take 4 damage, and have 27/35 hp.
You now have 3/4 mp.
You hit the bullfrog.
You kick the bullfrog, but do no damage.
The bullfrog is lightly wounded.
You hit the bullfrog. The bullfrog barely misses you. The bullfrog hits you.
You take 3 damage, and have 24/35 hp.
You slash the bullfrog! You kick the bullfrog.
The bullfrog is severely wounded.
You hit the bullfrog. The bullfrog hits you. x2
The bullfrog hits you but does no damage. x2
You take 6 damage, and have 18/35 hp.
You barely miss the bullfrog.
The bullfrog is severely wounded.
You barely miss the bullfrog. The bullfrog barely misses you. x3
The bullfrog hits you.
You take 2 damage, and have 16/35 hp.
Your unstable footing causes you to fumble your attack.
The bullfrog misses you. The bullfrog closely misses you.
Your unstable footing causes you to fumble your attack.
The bullfrog barely misses you. The bullfrog hits you.
The bullfrog closely misses you. The bullfrog hits you.
* * * LOW HITPOINT WARNING * * *
You take 7 damage, and have 10/35 hp.
You now have 1/4 mp.
Your unstable footing causes you to fumble your attack.
The bullfrog barely misses you. The bullfrog hits you.
* * * LOW HITPOINT WARNING * * *
The bullfrog hits you.
* * * LOW HITPOINT WARNING * * *
The bullfrog hits you.
You die...

#######################
##.....~.~~~.÷~........#
#..~~~~~~~~~~÷~~~~~~~~.#
#.~~≈≈≈≈≈≈≈≈≈≈≈≈≈≈≈≈≈~.#
#.~≈≈~~~~~~~~≈≈≈≈≈~≈~~.#
#÷~≈~~..~~~~≈≈≈≈≈~.~~~~#
#.~≈~.~~~~≈†≈≈########.#
#.~≈~.≈≈≈≈≈≈@≈≈## #~#
#.~≈~~≈≈≈≈≈FF≈≈≈# #~#
#.~≈≈~≈≈≈≈~≈≈≈~≈# #~#
#.~≈≈~≈≈≈~≈≈~.~≈≈# #~#
#.~≈≈~≈≈~~≈~~.∩~≈# #~#
#.~≈~≈~≈~~..~.~≈≈# #~#
#.~≈~≈~≈..~~.~≈≈≈≈# #.#
### #.~≈≈~≈≈~~.~~≈≈≈≈≈#
#.# #.#
#.~≈~≈≈≈≈~~!:≈≈≈≈≈# #.#


You could see 2 bullfrogs.

Vanquished Creatures
  3 adders (Sewer)
  4 dart slugs
  10 ball pythons
  3 endoplasms
  11 giant cockroaches
  4 goblins
  8 hobgoblins
  6 jackals
  8 quokkas
  6 frilled lizards
  2 kobolds
  2 rats
67 creatures vanquished.

Notes
Turn   | Place    | Note
-------+----------+-------------------------------------------
     0 | D:1      | Dirtsage the Demonspawn Monk began the quest for the Orb.
     0 | D:1      | Reached XP level 1. HP: 18/18 MP: 1/1
   221 | D:1      | Reached skill level 3 in Axes
   272 | D:1      | Gained mutation: You have large cloven feet. [demonic
                  | ancestry]
   272 | D:1      | Reached XP level 2. HP: 22/24 MP: 2/2
   707 | D:1      | Reached XP level 3. HP: 29/29 MP: 3/3
  1026 | D:2      | Reached skill level 4 in Axes
  2339 | D:3      | Found a glowing drain.
  2366 | Sewer    | Entered a sewer
  2384 | Sewer    | Gained mutation: You have hoof-like feet. [demonic
                  | ancestry]
  2384 | Sewer    | Reached XP level 4. HP: 35/35 MP: 4/4
  2540 | Sewer    | Reached skill level 1 in Evocations
  2685 | Sewer    | Noticed a bullfrog
  2687 | Sewer    | Noticed a bullfrog
  2696 | Sewer    | Slain by a bullfrog

Illustrated notes

Levels and vault maps discovered:
D:1:      dpeg_arrival_central, layout_loops_ring, st_stairs_8
D:2:      layout_basic, kennysheep_pointless_box
D:3:      layout_basic, portal_sewer_entry_f
Sewer:    sewer_frog_island_01

Skill      XL: |  1  2  3  4 |
---------------+-------------+-----
Axes           | 3 4 |  4.7
Evocations     | 1 |  1.3
Fighting       | |  3.0
Dodging        | |  2.6
Stealth        | |  1.7

Action                     |  1- 3 |  4- 6 || total
---------------------------+-------+-------++-------
  Melee: Hand axe          |   126 |    64 ||   190
         Kick              |    36 |    17 ||    53
   Stab: Sleeping          |     1 |       ||     1
 Armour: Leather armour    |    16 |    24 ||    40
         Ring mail         |     8 |       ||     8
  Dodge: Dodged            |    80 |    45 ||   125

Table legend: (Time is in decaauts)
 A = Elapsed time spent in this place.
 B = Non-inter-level travel time spent in this place.
 C = Inter-level travel time spent in this place.
 D = Time resting spent in this place.
 E = Time spent auto-exploring this place.
 F = Levels seen in this place.
 G = Mean time per level.
                   A        B        C        D        E       F      G
               +--------+--------+--------+--------+--------+-----+--------+
         Total |   2749 |   2670 |     79 |     15 |   2133 |   4 |  687.2 |
       Dungeon |   2381 |   2302 |     79 |      0 |   1938 |   3 |  793.7 |
         Sewer |    367 |    367 |      0 |     15 |    195 |   1 |  367.0 |
               +--------+--------+--------+--------+--------+-----+--------+

Top non-repeatable levels by time:
     D:2: 1090 daAuts
     D:1: 994 daAuts
   Sewer: 367 daAuts
     D:3: 296 daAuts
